AoeStats
← HeKKerZ3175

Hideout

509897199Analyzed
1v1 RM · 2d ago on Sep 28, 2026· 67m 18s· 2 players
Game mode
Random Map
Map size
Tiny (2 player)
Population
200
Speed
Normal
Resources
Standard
Victory
Conquest
Starting age
Dark Age
Ending age
Imperial Age
RankedLock teamsTeams togetherTeam positionsShared explorationLock speedFull tech treeHidden civsTurbo modeCheats
Victory
Defeat
🇬🇧 Danes · United Kingdom
656
+16
🇪🇨 Ethiopians · Ecuador
650
-16
Luid2026
8:03 Loom
10:26 Feudal Age
11:12 Arson
11:38 Man-at-Arms
12:42 Gold Mining
15:30 Padded Archer Armor
16:23 Horse Collar
18:24 Double-Bit Axe
19:41 Fletching
23:18 Forging
23:08 Scale Mail Armor
27:22 Castle Age
28:14 Bow Saw
29:12 Leather Archer Armor
28:53 Bodkin Arrow
29:01 Squires
28:23 Long Swordsman
28:27 Crossbowman
33:11 Thumb Ring
33:24 Chain Mail Armor
33:45 Iron Casting
34:54 Gold Shaft Mining
34:10 Stone Mining
34:36 Heavy Plow
37:08 Ballistics
36:46 Murder Holes
37:32 Wheelbarrow
38:05 Masonry
41:48 Imperial Age
39:00 Elite Skirmisher
41:21 Hand Cart
41:55 Halberdier
43:39 Chemistry
42:48 Siege Engineers
42:18 Arbalester
44:12 Siege Engineers
44:16 Bracer
45:46 Two-Man Saw
45:26 Stone Shaft Mining
46:02 Conscription
46:40 Ring Archer Armor
47:03 Architecture
48:06 Plate Mail Armor
47:59 Capped Ram
48:26 Sappers
51:03 Torsion Engines
51:10 Royal Heirs
50:36 Siege Ram
51:50 Elite Shotel Warrior
55:31 Guard Tower
55:32 Heated Shot
56:45 Blast Furnace
HeKKerZ3175
9:48 Feudal Age
8:09 Loom
9:49 Man-at-Arms
11:54 Double-Bit Axe
11:58 Horse Collar
13:26 Arson
16:36 Scale Mail Armor
23:27 Castle Age
22:37 Fletching
23:00 Forging
24:22 Long Swordsman
26:26 Wheelbarrow
26:22 Squires
27:12 Gambesons
28:46 Chain Mail Armor
29:19 Bow Saw
29:11 Heavy Plow
30:16 Bodkin Arrow
31:53 Gold Mining
33:36 Hand Cart
33:07 Town Watch
34:31 Elite Skirmisher
39:26 Imperial Age
39:40 Onager
41:03 Town Patrol
41:24 Siege Onager
42:48 Elite Varangian Guard
42:54 Hamask
43:57 Conscription
42:59 Hamask
47:35 Plate Mail Armor
47:06 Bracer
47:44 Iron Casting
51:40 Blast Furnace
50:41 Bracer
Connection lost

Rejoining the realm…

Still unreachable

The connection could not be restored.

Session expired

The server has moved on; the page needs a fresh start.